 Dungeon Crawl Stone Soup version 0.22.1-2-g9c5b331 (webtiles) character file.

6748 Tiagovsky the Fighter (level 10, 0/91 HPs)
             Began as a Grey Draconian Fire Elementalist on Jan 1, 2019.
             Was a Priest of Sif Muna.
             Killed by vampiric draining
             ... invoked by Josephine
              (12 damage)
             ... on level 10 of the Dungeon.
             The game lasted 01:25:32 (15509 turns).

Tiagovsky the Fighter (DrFE)                       Turns: 15509, Time: 01:25:33

Health: 0/91       AC: 15    Str: 11    XL:     10   Next: 75%
Magic:  15/17      EV: 14    Int: 18    God:    Sif Muna [***...]
Gold:   554        SH:  0    Dex: 12    Spells: 7/18 levels left

rFire    . . .     SeeInvis .   w - +4 dagger (venom)
rCold    . . .     Gourm    +   (no shield)
rNeg     . . .     Faith    .   (armour unavailable)
rPois    +         Spirit   .   (helmet restricted)
rElec    .         Reflect  .   (no cloak)
rCorr    .         Harm     .   y - +2 pair of gloves
MR       .....                  (no boots)
Stlth    +.........             H - amulet of the gourmand
HPRegen  0.25/turn              B - ring of poison resistance
MPRegen  0.15/turn              x - +3 ring of evasion

@: very heavily drained
A: walk through water, unfitting armour, unbreathing, cold-blooded, AC +12
a: Divine Energy, Channel Magic, Renounce Religion


You were on level 10 of the Dungeon.
You worshipped Sif Muna.
Sif Muna was most pleased with you.
You were very full.

You visited 3 branches of the dungeon, and saw 13 of its levels.
You also visited: Sewer.

You collected 554 gold pieces.

Inventory:

Hand Weapons
 q - a +0 hunting sling
 w - a +4 dagger of venom (weapon)
Missiles
 i - 294 stones (quivered)
 A - 103 sling bullets
 F - 6 curare-tipped needles
Armour
 y - a +2 pair of gloves (worn)
Magical Staves
 D - an uncursed staff of air
Jewellery
 d - an uncursed ring of resist corrosion
 p - an uncursed ring of flight
 x - a +3 ring of evasion (right hand)
 B - a ring of poison resistance (left hand)
 H - an amulet of the gourmand (around neck)
Wands
 a - a wand of clouds (2)
 r - a wand of enslavement (13)
 z - a wand of iceblast (5)
 E - a wand of random effects (27)
Scrolls
 g - 4 scrolls of enchant armour
 h - 5 scrolls of teleportation
 j - 2 scrolls of amnesia
 l - a scroll of identify
 n - 4 scrolls of fear
 v - 6 scrolls of remove curse
 G - 3 scrolls of blinking
 I - 3 scrolls of fog
 J - a scroll of magic mapping
Potions
 c - 3 potions of agility {unknown}
 e - 3 potions of invisibility
 f - a potion of ambrosia {unknown}
 m - a potion of magic {unknown}
 o - 4 potions of lignification
 s - 2 potions of mutation {unknown}
 t - 2 potions of brilliance {unknown}
 C - 5 potions of might
Comestibles
 b - 24 rations


   Skills:
 + Level 9.2(5.8) Fighting
 + Level 8.4(5.1) Short Blades
 - Level 1.7(0.0) Dodging
 - Level 1.7(0.0) Stealth
 + Level 4.7(1.7) Spellcasting
 - Level 7.3(4.0) Conjurations
 - Level 8.0(4.7) Fire Magic


You had 7 spell levels left.
You knew the following spells:

 Your Spells              Type           Power        Failure   Level  Hunger
a - Flame Tongue          Conj/Fire      ###..        3%          1    #......
b - Throw Flame           Conj/Fire      ###...       4%          2    ###....
c - Conjure Flame         Conj/Fire      ###.....     10%         3    ###....
d - Fireball              Conj/Fire      ###.......   65%         5    ######.

Your spell library contained the following spells:

 Spells                   Type           Power        Failure   Level  Hunger
 Inner Flame              Hex/Fire       #.......     22%         3    ###....
 Sticky Flame             Conj/Fire      ###.....     30%         4    #####..


Dungeon Overview and Level Annotations

Branches:
Dungeon (11/15)            Temple (1/1) D:4            Lair (1/6) D:8
    Orc: D:9-12

Altars:
Ashenzari
Cheibriados
Dithmenos
Elyvilon
Fedhas
Gozag
Hepliaklqana
Kikubaaqudgha
Makhleb
Nemelex Xobeh
Okawaru
Qazlal
Ru
Sif Muna
Trog
Uskayaw
Vehumet
Wu Jian
Xom
Yredelemnul
Zin
The Shining One

Annotations:
D:6 3 runed doors, bananaglory's ghost, novice HOFi
D:10 Josephine


Innate Abilities, Weirdness & Mutations

You can walk through water.
Your dull iron-grey scales are very hard. (AC +12)
You cannot fit into any form of body armour.
You can survive without breathing.
You are cold-blooded and may be slowed by cold attacks.


Message History

You feel much better.
Josephine points at you and mumbles some strange words.
The ghostly flame explodes!
The ghostly fireball engulfs you!
You feel drained.
The ghostly fireball engulfs Josephine.
Josephine completely resists.
You hit Josephine but do no damage.
Josephine looks as sick as possible!
Your tail-slap misses Josephine.
Josephine is heavily wounded.
You closely miss Josephine. You tail-slap Josephine.
Josephine is severely wounded.
Josephine casts a spell at you.
The ghostly flame explodes!
The ghostly fireball engulfs you!
You feel drained.
* * * LOW HITPOINT WARNING * * *
The ghostly fireball engulfs Josephine.
Josephine completely resists.
You feel better.
Josephine says, "I'll make a rug of your skin."
Josephine hits you but does no damage.
As you read the scroll of fear, it crumbles to dust.
You assume a fearsome visage.
Josephine looks frightened!
Josephine is infused with unholy energy.
You die...

......#################..########
......# #..########
......#################..........
............)....................
..........########..###########.#
########..########..# #.#
########............###########.#
.................................
####..#########.@................
#..# #.@############.###
####..#########..############.###
.................................
###############..#############...
# #..# #...
###############.>#############...
.................................
########.........................


You could see Josephine (fleeing).

Vanquished Creatures
  Pikel (D:6)
  Psyche (D:9)
  3 centaur zombies (D:10)
  A gargoyle (D:10)
  A komodo dragon (D:8)
  A troll (D:8)
  A hippogriff (D:8)
  4 yaks (D:11)
  A hungry ghost (D:7)
  Menkaure (D:7)
  3 soldier ants
  2 sky beasts
  An ice beast (D:7)
  An orc warrior (D:10)
  2 black bears
  4 slaves
  An eye of draining (D:10)
  5 ogres
  2 phantoms
  4 centaurs
  5 bullfrogs
  2 wyvern skeletons
  A scorpion (D:7)
  3 howler monkeys
  6 crimson imps
  A jelly (D:11)
  5 hounds
  3 orc priests
  A centaur skeleton (D:11)
  5 orc wizards
  2 bullfrog skeletons
  4 iguanas
  10 worker ants
  A hound zombie (D:7)
  16 adders
  4 gnolls (D:4)
  2 river rats (Sewer)
  2 shadow imps
  3 oozes
  2 adder skeletons
  5 worms
  2 dart slugs (D:1)
  10 leopard geckos
  18 orcs
  5 giant cockroaches
  5 goblins
  5 hobgoblins
  6 jackals
  11 kobolds
  3 ball pythons (Sewer)
  6 bats
  15 frilled lizards
  13 rats
222 creatures vanquished.

Vanquished Creatures (others)
  5 plants
5 creatures vanquished.

Grand Total: 227 creatures vanquished

Notes
Turn   | Place    | Note
-------+----------+-------------------------------------------
     0 | D:1      | Tiagovsky the Draconian Fire Elementalist began the quest
                  | for the Orb.
     0 | D:1      | Reached XP level 1. HP: 14/14 MP: 3/3
   373 | D:1      | Reached XP level 2. HP: 13/22 MP: 0/5
   742 | D:1      | Reached skill level 1 in Fighting
  1191 | D:1      | Reached XP level 3. HP: 25/28 MP: 1/6
  1971 | D:2      | Reached skill level 1 in Short Blades
  2041 | D:2      | Learned a level 2 spell: Throw Flame
  2118 | D:2      | Reached XP level 4. HP: 18/36 MP: 4/7
  2309 | D:2      | Reached skill level 2 in Fighting
  3005 | D:2      | Reached XP level 5. HP: 24/42 MP: 5/8
  3592 | D:3      | Found a shimmering altar of Xom.
  3962 | D:3      | Found a glowing drain.
  4027 | Sewer    | Entered a sewer
  4870 | D:4      | Reached skill level 3 in Fighting
  4931 | D:4      | Reached XP level 6. HP: 45/51 MP: 1/9
  5487 | D:4      | Learned a level 3 spell: Conjure Flame
  5674 | D:4      | Found a staircase to the Ecumenical Temple.
  5685 | Temple   | Entered the Ecumenical Temple
  5978 | Temple   | Became a worshipper of Sif Muna the Loreminder
  6293 | D:5      | Entered Level 5 of the Dungeon
  6705 | D:5      | Your scales start taking on a dull iron-grey colour.
  6705 | D:5      | Reached XP level 7. HP: 58/58 MP: 10/10
  6705 | D:5      | Gained mutation: You can survive without breathing. [Grey
                  | Draconian growth]
  7111 | D:5      | Reached skill level 4 in Fighting
  7138 | D:5      | Reached skill level 5 in Fire Magic
  7173 | D:5      | Found a shadowy altar of Dithmenos.
  7348 | D:6      | Noticed Pikel
  7523 | D:6      | Killed Pikel
  7523 | D:6      | Reached skill level 5 in Fighting
  7523 | D:6      | Reached XP level 8. HP: 60/68 MP: 1/11
  7720 | D:6      | Found a runed gate.
  7860 | D:6      | Reached * piety under Sif Muna
  8107 | D:6      | Reached skill level 5 in Conjurations
  8287 | D:6      | Found a runed gate.
  8287 | D:6      | Found a runed gate.
  8353 | D:6      | Noticed a kobold demonologist
  8356 | D:6      | Noticed bananaglory's ghost (novice HOFi)
  8753 | D:7      | Reached skill level 5 in Short Blades
  8935 | D:7      | Reached skill level 6 in Fighting
  9291 | D:7      | Reached XP level 9. HP: 71/75 MP: 6/12
  9608 | D:7      | Noticed Menkaure
  9610 | D:7      | Killed Menkaure
  9630 | D:7      | Learned a level 5 spell: Fireball
  9856 | D:8      | Found a staircase to the Lair.
  9888 | D:8      | Noticed a komodo dragon
  9904 | D:8      | Killed a komodo dragon
 10187 | D:8      | Reached ** piety under Sif Muna
 10238 | D:8      | Found an opulent altar of Gozag.
 10987 | D:8      | Reached skill level 7 in Fighting
 11123 | Lair:1   | Entered Level 1 of the Lair of Beasts
 11123 | Lair:1   | Noticed a seven-headed hydra
 11304 | D:9      | Noticed Psyche
 11318 | D:9      | Killed Psyche
 11436 | D:9      | Found a radiant altar of Vehumet.
 11724 | D:9      | Reached XP level 10. HP: 72/86 MP: 16/16
 13121 | D:10     | Entered Level 10 of the Dungeon
 13201 | D:10     | Reached *** piety under Sif Muna
 13660 | D:10     | Reached skill level 8 in Fighting
 14522 | D:10     | Noticed a gargoyle
 14542 | D:10     | Killed a gargoyle
 14902 | D:11     | Reached skill level 9 in Fighting
 15210 | D:11     | Noticed a phantasmal warrior
 15456 | D:11     | Noticed Josephine
 15509 | D:10     | Killed from afar by Josephine

Skill      XL: |  1  2  3  4  5  6  7  8  9 10 |
---------------+-------------------------------+-----
Fighting       | 1 2 3 5 6 7 9 |  9.2
Short Blades   | 1 2 3 4 5 6 8 |  8.4
Conjurations   | 2 3 4 5 7 |  7.3
Fire Magic     | 4 5 6 7 8 |  8.0
Spellcasting   | 4 |  4.7
Dodging        | |  1.7
Stealth        | |  1.7

Action                   |  1- 3 |  4- 6 |  7- 9 | 10-12 || total
-------------------------+-------+-------+-------+-------++-------
Melee: Unarmed           |    15 |       |       |       ||    15
       Tailslap          |     2 |     6 |    11 |    12 ||    31
       Dagger            |    18 |    79 |   112 |    87 ||   296
 Fire: Hunting sling     |       |    10 |    27 |     3 ||    40
Throw: Stone             |    43 |    90 |       |     4 ||   137
 Cast: Flame Tongue      |    49 |   110 |   139 |   126 ||   424
       Throw Flame       |       |     1 |   102 |    55 ||   158
       Conjure Flame     |       |       |     1 |       ||     1
       Fireball          |       |       |       |     1 ||     1
  Use: Scroll            |     2 |     8 |     4 |     8 ||    22
       Potion            |       |       |       |     5 ||     5
  Eat: Chunk             |     5 |     9 |    27 |    13 ||    54
       Ration            |       |     2 |     2 |       ||     4
Armor: Skin              |     9 |    37 |    77 |    65 ||   188
Dodge: Dodged            |    24 |    75 |   124 |   100 ||   323
